 Dungeon Crawl Stone Soup version 0.31-a0-149-g3fdcc5976a (webtiles) character file.

Game seed: 13231169648510918080

48 qw the Shooter (level 3, 0/31 HPs)
             Began as a Minotaur Hunter on June 7, 2023.
             Slain by an orc wizard
             ... wielding a +0 dagger
              (4 damage)
             ... on level 2 of the Dungeon.
             The game lasted 00:00:21 (874 turns).

qw the Shooter (Minotaur Hunter)                     Turns: 874, Time: 00:00:21

Health: 0/31       AC:  3    Str: 15    XL:     3   Next: 50%
Magic:  2/2        EV: 12    Int:  6    God:
Gold:   73         SH:  0    Dex: 15    Spells: 2/2 levels left

rFire   . . .        Y - +0 shortbow
rCold   . . .        (shield currently unavailable)
rNeg    . . .        c - +0 leather armour
rPois   .            (helmet restricted)
rElec   .            (no cloak)
rCorr   .            (no gloves)
SInv    +            (no boots)
Will    .....        h - amulet of reflection
Stlth   +            e - ring of see invisible
HPRegen 0.25/turn    (no ring)
MPRegen 0.08/turn

%: reflection
@: confused
A: horns 2, retaliatory headbutt
a: no special abilities


You were on level 2 of the Dungeon.
You visited 1 branch of the dungeon, and saw 2 of its levels.

You collected 73 gold pieces.


Innate Abilities, Weirdness & Mutations

You have a pair of horns on your head.
You reflexively headbutt those who attack you in melee.


   Skills:
 - Level 3.2 Fighting
 + Level 5.4 Ranged Weapons
 - Level 2.1 Dodging
 - Level 0.7 Stealth


You had 2 spell levels left.
You didn't know any spells.
Your spell library was empty.

Inventory:

Hand Weapons
 Y - a +0 shortbow (weapon)
Armour
 c - a +0 leather armour (worn)
Jewellery
 d - a ring of see invisible
 e - a ring of see invisible (left hand)
 h - an amulet of reflection (around neck)
Scrolls
 b - 2 scrolls of identify {unknown}
Potions
 a - a potion of degeneration {unknown}
 i - a potion of cancellation {unknown}
 k - a potion of enlightenment {unknown}

Dungeon Overview and Level Annotations

Branches:
Dungeon (2/15)

Altars:


Message History

The orc wizard shouts!
The arrow hits the orc.
The orc is severely wounded.
The orc throws a stone.
The stone hits you but does no damage.
You shoot an arrow. The arrow barely misses the orc.
The orc wizard points at you and mumbles some strange words.
You are confused.
The orc hits you with a +0 club. The orc misses you.
The orc hits you with a +0 club. The orc misses you.
The orc hits you but does no damage. The orc barely misses you.
The orc wizard casts a spell.
The orc wizard flickers and vanishes for a moment.
The orc barely misses you. The orc hits you with a +0 short sword.
You feel less confused. The orc wizard misses you.
The orc hits you with a +0 club. The orc barely misses you.
You shoot an arrow. The arrow closely misses the orc.
The orc wizard closely misses you. You furiously retaliate!
You headbutt the orc wizard! The orc hits you with a +0 club.
You block the orc's attack.
You shoot an arrow. The arrow hits the orc wizard.
The orc wizard is severely wounded.
The orc wizard points at you and mumbles some strange words.
You resist with significant effort. You block the orc's attack.
The orc hits you but does no damage.
You shoot an arrow. The arrow misses the orc wizard.
The orc wizard points at you and mumbles some strange words.
You are confused.
The orc hits you with a +0 club. The orc closely misses you.
The orc hits you with a +0 club. The orc wizard barely misses you.
The orc hits you with a +0 short sword. The orc wizard closely misses you.
The orc hits you but does no damage. The orc completely misses you.
The orc wizard hits you with a +0 dagger.
The orc hits you with a +0 club. The orc hits you with a +0 short sword.
The orc barely misses you.
The orc wizard hits you with a +0 dagger.
You die...

#.#%......#
########.##....#.###
#....>#..##....#...#
........###.....##...
........#
#.....#####...
........#
#......###....
........#
##.##.........
........#
#.##..###..#
........# #.###@# #
........#
#.##ooo....#
.......##
#.##.b.......
...........##
~.......##..#
#...#.... ..
~#..##.... . ~~#~.
.....


You could see an orc wizard (invisible), 2 orcs and a bat.

Vanquished Creatures
  A gnoll (D:1)
  2 adders (D:2)
  An orc (D:2)
  3 ball pythons
  4 bats (D:1)
  An endoplasm (D:1)
  A goblin (D:2)
  A hobgoblin (D:1)
  2 kobolds (D:2)
  3 frilled lizards (D:1)
19 creatures vanquished.

Notes
Turn   | Place    | Note
-------+----------+-------------------------------------------
     0 | D:1      | qw the Minotaur Hunter began the quest for the Orb.
     0 | D:1      | Reached XP level 1. HP: 18/18 MP: 0/0
     0 | D:1      | 0 ||| qw: Version: 0.2-a-117-gc6b5c8b
     0 | D:1      | 0 ||| qw: Game counter: 2689
     0 | D:1      | 0 ||| qw: Always use a shield: true
     0 | D:1      | 0 ||| qw: God list: Okawaru
     0 | D:1      | 0 ||| qw: Allow faded altars: false
     0 | D:1      | 0 ||| qw: Do Orc after D:15 true
     0 | D:1      | 0 ||| qw: Do second Lair branch before Depths: true
     0 | D:1      | 0 ||| qw: Lair rune preference: random
     0 | D:1      | 0 ||| qw: Plans: Normal
     0 | D:1      | 0 ||| PLANNING D:1-11
   202 | D:1      | Reached skill level 5 in Ranged Weapons
   202 | D:1      | Reached XP level 2. HP: 25/25 MP: 1/1
   658 | D:1      | 658 ||| UPGRADING to amulet of reflection.
   663 | D:1      | 663 ||| UPGRADING to ring of see invisible.
   664 | D:1      | 664 ||| READING scroll labelled OPLEDY EKLOUZO.
   665 | D:1      | 665 ||| READING scroll labelled YGRE RIZOA.
   666 | D:1      | 666 ||| READING scroll labelled KELEONK TYWI.
   667 | D:1      | 667 ||| READING scroll labelled ZEZOIGAF MUERUKLIS.
   668 | D:1      | 668 ||| DROPPING scroll of butterflies.
   727 | D:2      | Reached skill level 3 in Fighting
   727 | D:2      | Reached XP level 3. HP: 21/31 MP: 2/2
   873 | D:2      | HP: 4/31 [orc/+0 short sword (5)]
   874 | D:2      | Slain by an orc wizard

Levels and vault maps discovered:
D:1:      dpeg_arrival_short_road, layout_loops_ring
D:2:      layout_rooms, dreamdust_ecumenical_altar_drowned_temple,
          dreamdust_wishing_well

Skill      XL: |  1  2 |
---------------+-------+-----
Ranged Weapons | 5 |  5.4
Fighting       | 3 |  3.2
Dodging        | |  2.1
Stealth        | |  0.7

Action                     || total
---------------------------++-------
   Fire: Shortbow          ||    78
    Use: Scroll            ||     4
 Armour: Leather armour    ||    15
  Dodge: Dodged            ||    32
  Block: Other             ||     7

Table legend:
 A = Non-vault XP
 B = Vault XP
 C = Vault XP percentage of total XP
 D = Non-vault monster count
 E = Vault monster count
 F = Vault count percentage of total count
                 A         B        C        D         E       F
            +---------+---------+-------+---------+---------+-------
      Total |      69 |       0 |   0.0 |      19 |       0 |   0.0
            +---------+---------+-------+---------+---------+-------
        D:1 |      33 |       0 |   0.0 |      12 |       0 |   0.0
        D:2 |      36 |       0 |   0.0 |       7 |       0 |   0.0
            +---------+---------+-------+---------+---------+-------
